 Dungeon Crawl Stone Soup version 0.29.1-2-gbd0b4ee654 (webtiles) character file.

Game seed: 14114838802908890569

82 Icepheonix32 the Shield-Bearer (level 4, -8/38 HPs)
             Began as a Demigod Fighter on Nov 3, 2022.
             Killed by nerve-wracking pain
             ... invoked by an orc priest
              (9 damage)
             ... on level 3 of the Dungeon.
             The game lasted 00:01:47 (2131 turns).

Icepheonix32 the Shield-Bearer (Demigod Fighter)    Turns: 2131, Time: 00:01:48

Health: -8/38      AC:  7    Str: 21    XL:     4   Next: 1%
Magic:  6/6        EV:  9    Int: 10    God:
Gold:   98         SH:  4    Dex: 13    Spells: 3/3 levels left

rFire   . . .      SeeInvis .   a - +0 war axe
rCold   . . .      Faith    .   c - +0 buckler
rNeg    . . .      Spirit   .   b - +0 scale mail
rPois   .          Reflect  .   l - +0 helmet
rElec   .          Harm     .   (no cloak)
rCorr   .          Rampage  .   (no gloves)
Will    .....                   (no boots)
Stlth   ..........              (no amulet)
HPRegen 0.12/turn               (no ring)
MPRegen 0.10/turn               (no ring)

@: flying
A: high MP 1, forlorn, divine attributes
a: no special abilities


You were on level 3 of the Dungeon.
You visited 1 branch of the dungeon, and saw 3 of its levels.

You collected 98 gold pieces.

Inventory:

Hand Weapons
 a - a +0 war axe (weapon)
Armour
 b - a +0 scale mail (worn)
 c - a +0 buckler (worn)
 l - a +0 helmet (worn)
Scrolls
 e - 3 scrolls of poison {unknown}
 g - 2 scrolls of identify {unknown}
 j - a scroll of enchant armour {unknown}
 k - a scroll of vulnerability {unknown}
 p - a scroll of noise {unknown}
Potions
 d - 2 potions of might
 i - a potion of heal wounds {unknown}
 m - a potion of magic {unknown}
 n - a potion of mutation {unknown}
 o - a potion of invisibility {unknown}


   Skills:
 + Level 3.0 Fighting
 + Level 3.1 Axes
 + Level 3.1 Armour
 + Level 0.1 Stealth
 + Level 3.1 Shields


You had 3 spell levels left.
You didn't know any spells.
Your spell library contained the following spells:

 Spells                   Type           Power      Damage    Failure   Level
 Sting                    Tmut/Pois      0%         1d3       80%         1
 Poisonous Vapours        Pois/Air       0%         N/A       90%         2
 Ignite Poison            Fire/Tmut/Pois 0%         N/A       99%         3
 Olgreb's Toxic Radiance  Pois           0%         N/A       100%        4
 Dispersal                Tloc           0%         N/A       100%        6
 Malign Gateway           Summ/Tloc      0%         N/A       100%        7
 Ozocubu's Refrigeration  Ice            0%         4d7       100%        7
 Disjunction              Tloc           0%         N/A       100%        8
 Summon Horrible Things   Summ           0%         N/A       100%        8
 Polar Vortex             Ice            0%         N/A       100%        9


Dungeon Overview and Level Annotations

Branches:
Dungeon (3/15)


Innate Abilities, Weirdness & Mutations

You have an increased reservoir of magic. (+10% MP)
You shall have no god before yourself.
Your divine heritage dramatically boosts your attributes as you level up.


Message History

You block the orc's attack.
The orc priest looks braver for a moment.
You slash the orc!
You kill the orc!
You slash the orc wizard!
The orc wizard is almost dead.
The orc wizard gestures at you while chanting.
The puff of flame hits you.
You hit the orc wizard.
The orc wizard is almost dead.
The orc wizard hits you with a +0 dagger of flaming.
The orc wizard burns you.
* * * LOW HITPOINT WARNING * * *
The orc wizard hits you but does no damage.
You hit the orc wizard.
You kill the orc wizard!
Your Axes skill increases to level 3!
You completely miss the orc. You block the orc's attack.
The orc hits you with a +0 hand axe.
* * * LOW HITPOINT WARNING * * *
You closely miss the orc. The orc hits you with a +0 hand axe.
* * * LOW HITPOINT WARNING * * *
You slash the orc!
You kill the orc!
You have reached level 4!
You hit the orc priest.
The orc priest is lightly wounded.
The orc priest looks braver for a moment.
The orc priest hits you but does no damage.
You closely miss the orc priest.
The orc priest is lightly wounded.
The orc priest hits you with a +0 dagger.
* * * LOW HITPOINT WARNING * * *
You barely miss the orc priest.
The orc priest is lightly wounded.
The orc priest hits you with a +0 dagger.
* * * LOW HITPOINT WARNING * * *
The orc priest mumbles some strange prayers to Beogh against you.
Pain shoots through your body!
You die...

..######### ........... ..
...######## .# ...# ..
P#.#### .########
......######### ..#.....#
P.....##......# #........
......##......####........
##..............@ol.......
########......####....##..
.......#.)....# #....#
.......#......# ######
.......#......#
.......#......#
.......#......#
.......#......# .......#


You could see an orc priest and a frilled lizard.

Vanquished Creatures
  An orc wizard (D:3)
  An adder (D:2)
  3 dart slugs
  2 orcs (D:3)
  A bat (D:1)
  2 endoplasms (D:1)
  2 giant cockroaches
  5 hobgoblins
  4 jackals (D:2)
  A quokka (D:2)
  2 ball pythons (D:2)
  4 frilled lizards
  2 goblins (D:2)
  4 kobolds
  4 rats
38 creatures vanquished.

Vanquished Creatures (others)
  4 fungi (D:3)
4 creatures vanquished.

Grand Total: 42 creatures vanquished

Notes
Turn   | Place    | Note
-------+----------+-------------------------------------------
     0 | D:1      | Icepheonix32 the Demigod Fighter began the quest for the
                  | Orb.
     0 | D:1      | Reached XP level 1. HP: 18/18 MP: 3/3
   296 | D:1      | Reached XP level 2. HP: 18/25 MP: 4/4
  1485 | D:2      | Reached XP level 3. HP: 30/31 MP: 5/5
  1833 | D:2      | Got the Omnibus of Hiemal Transfiguration
  2129 | D:3      | Reached XP level 4. HP: 6/38 MP: 6/6
  2131 | D:3      | HP: 1/38 [orc priest/+0 dagger (5)]
  2131 | D:3      | Killed from afar by an orc priest

Illustrated notes

Levels and vault maps discovered:
D:1:      dpeg_arrival_signposts, layout_basic
D:2:      layout_basic
D:3:      layout_basic, lightli_temple_of_fire, fedhas_altar_3,
          grunt_qazlal_clouds, minmay_gold_behind_fungi

Skill      XL: |  1  2  3 |
---------------+----------+-----
Axes           | 2 3 |  3.1
Shields        | 3 |  3.1
Fighting       | 3 |  3.0
Armour         | 3 |  3.1
Stealth        | |  0.1

Action                   |  1- 3 |  4- 6 || total
-------------------------+-------+-------++-------
Melee: War axe           |    98 |     3 ||   101
  Use: Potion            |     2 |       ||     2
Armor: Scale mail        |    51 |     1 ||    52
Dodge: Dodged            |    36 |       ||    36
Block: Buckler           |    18 |       ||    18
